AoeStats
← TrexerT

Arabia

508503919Analyzed
1v1 RM · 10d ago on Sep 22, 2026· 23m 47s· 2 players
Game mode
Random Map
Map size
Tiny (2 player)
Population
200
Speed
Normal
Resources
Standard
Victory
Conquest
Starting age
Dark Age
Ending age
Imperial Age
RankedLock teamsTeams togetherTeam positionsShared explorationLock speedFull tech treeHidden civsTurbo modeCheats
Victory
Defeat
🇵🇹 Franks · Portugal
952
+17
🇷🇴 Saxons · Romania
972
-17
Fre3Lanc3R
9:20 Feudal Age
10:37 Double-Bit Axe
15:08 Scale Barding Armor
18:02 Loom
20:51 Castle Age
21:31 Pikeman
21:39 Light Cavalry
TrexerT
11:00 Feudal Age
13:40 Double-Bit Axe
15:59 Loom
20:09 Castle Age
19:00 Forging
22:35 Pikeman
Connection lost

Rejoining the realm…

Still unreachable

The connection could not be restored.

Session expired

The server has moved on; the page needs a fresh start.